 Dungeon Crawl Stone Soup version 0.21.1-1-g345015f (webtiles) character file.

917 snakesoul the Cleaver (level 7, -3/53 HPs)
             Began as a Demonspawn Fighter on June 24, 2018.
             Slain by Pikel
             ... wielding a +1 whip of freezing
              (5 damage)
             ... on level 5 of the Dungeon.
             The game lasted 00:09:18 (4905 turns).

snakesoul the Cleaver (Demonspawn Fighter)          Turns: 4905, Time: 00:09:18

Health: -3/53      AC: 10    Str: 23    XL:     7   Next: 83%
Magic:  7/7        EV:  7    Int:  9    God:
Gold:   118        SH:  0    Dex: 13    Spells: 6/6 levels left

rFire    . . .     SeeInvis .   a - +1 war axe
rCold    . . .     Gourm    .   (no shield)
rNeg     . . .     Faith    .   k - +0 chain mail
rPois    .         Spirit   .   (no helmet)
rElec    .         Reflect  .   (no cloak)
rCorr    .         Harm     .   (no gloves)
MR       .....                  (no boots)
Stlth    ..........             (no amulet)
HPRegen  0.17/turn              (no ring)
MPRegen  0.10/turn              (no ring)

@: mighty
A: talons 1, yellow scales 1
a: no special abilities


You were on level 5 of the Dungeon.
You were not hungry.

You visited 1 branch of the dungeon, and saw 5 of its levels.

You collected 118 gold pieces.

Inventory:

Hand Weapons
 a - a +1 war axe (weapon)
Armour
 c - a +0 shield
 k - a +0 chain mail (worn)
Scrolls
 g - 3 scrolls of remove curse
 h - 4 scrolls of identify
 i - a scroll of magic mapping
 n - a scroll of fog {unknown}
 o - 3 scrolls of teleportation
 r - 2 scrolls of amnesia
Potions
 b - 5 potions of curing {unknown}
 d - 2 potions of might
 j - a potion of ambrosia {unknown}
 l - a potion of haste {unknown}
 m - 2 potions of agility {unknown}
Comestibles
 f - 7 rations


   Skills:
 + Level 3.9 Fighting
 * Level 8.1 Axes
 - Level 2.6 Armour
 - Level 2.6 Shields


You had 6 spell levels left.
You didn't know any spells.

Dungeon Overview and Level Annotations

Branches:
Dungeon (5/15)
 Temple: D:4-7

Altars:
Elyvilon
Gozag

Annotations:
D:5 Pikel


Innate Abilities, Weirdness & Mutations

You have sharp toenails.
You are partially covered in yellow scales. (AC +2)


Message History

Pikel freezes you.
* * * LOW HITPOINT WARNING * * *
You slash Pikel! You claw Pikel!
Pikel is severely wounded.
Pikel hits you with a whip of freezing!
* * * LOW HITPOINT WARNING * * *
Pikel freezes you.
* * * LOW HITPOINT WARNING * * *
Unknown command.
Unknown command.
Unknown command.
Okay, then.
You hit Pikel. Your kick misses Pikel.
Pikel is almost dead.
Pikel barely misses you. Pikel hits you but does no damage.
You closely miss Pikel.
Pikel is almost dead.
Pikel is no longer berserk.
Pikel completely misses you. Pikel hits you with a whip of freezing.
You die...

#.. #.# #.# #p# #.
#p# #. #p# # #.
#K# ###.## #@#
....# #.#
#########..# #.#
............####.#
.# .............#
######.######
##...## ....
#.....# ####
#.....#


You could see Pikel and 3 slaves.

Vanquished Creatures
  Sigmund (D:3)
  A slave (D:5)
  A black bear (D:3)
  2 ogres (D:4)
  A centaur (D:5)
  2 scorpions
  A howler monkey (D:4)
  A hound (D:4)
  2 orc wizards (D:4)
  3 worker ants
  The ghost of p0werm0de the Grave Robber, a weakling OpNe (D:3)
  4 gnolls (D:2)
  3 adders
  An ooze (D:1)
  An adder zombie (D:5)
  An adder skeleton (D:3)
  A worm (D:2)
  4 dart slugs (D:1)
  2 leopard geckos (D:1)
  11 orcs
  A ball python (D:3)
  4 giant cockroaches
  7 hobgoblins
  2 jackals (D:4)
  2 quokkas (D:1)
  8 bats
  2 frilled lizards (D:1)
  8 goblins
  9 kobolds
  10 rats
97 creatures vanquished.

Notes
Turn   | Place    | Note
-------+----------+-------------------------------------------
     0 | D:1      | snakesoul the Demonspawn Fighter began the quest for the Orb.
     0 | D:1      | Reached XP level 1. HP: 18/18 MP: 1/1
    46 | D:1      | Reached skill level 2 in Axes
   162 | D:1      | Gained mutation: You are partially covered in yellow scales. (AC +2) [demonic ancestry]
   162 | D:1      | Reached XP level 2. HP: 19/24 MP: 2/2
   210 | D:1      | You fall through a shaft!
   216 | D:2      | Reached skill level 3 in Axes
   292 | D:1      | Reached XP level 3. HP: 15/29 MP: 3/3
  1064 | D:2      | Reached XP level 4. HP: 31/35 MP: 4/4
  1206 | D:2      | Reached skill level 4 in Axes
  1759 | D:2      | Found an opulent altar of Gozag.
  1924 | D:3      | Reached skill level 5 in Axes
  1924 | D:3      | Reached XP level 5. HP: 31/41 MP: 5/5
  2080 | D:3      | Noticed p0werm0de's ghost (weakling OpNe)
  2098 | D:3      | Killed p0werm0de's ghost
  2308 | D:3      | Noticed a black bear
  2317 | D:3      | Killed a black bear
  2317 | D:3      | Gained mutation: You have sharp toenails. [demonic ancestry]
  2317 | D:3      | Reached XP level 6. HP: 20/47 MP: 6/6
  2519 | D:3      | Noticed Sigmund
  2535 | D:3      | Killed Sigmund
  2535 | D:3      | Reached skill level 6 in Axes
  3144 | D:4      | Found a white marble altar of Elyvilon.
  3388 | D:4      | Reached skill level 7 in Axes
  3388 | D:4      | Reached XP level 7. HP: 35/52 MP: 7/7
  4623 | D:5      | Entered Level 5 of the Dungeon
  4635 | D:5      | Reached skill level 8 in Axes
  4881 | D:5      | Noticed Pikel
  4903 | D:5      | HP: 1/53 [Pikel/whip of freezing (2)]
  4905 | D:5      | Slain by Pikel

Skill      XL: |  1  2  3  4  5  6  7 |
---------------+----------------------+-----
Axes           | 2 3 5 7 8 |  8.1
Fighting       | |  3.9
Armour         | |  2.6
Shields        | |  2.6

Action                   |  1- 3 |  4- 6 |  7- 9 || total
-------------------------+-------+-------+-------++-------
Melee: War axe           |   129 |   136 |   107 ||   372
       Kick              |       |    10 |    27 ||    37
  Use: Scroll            |     3 |     4 |     1 ||     8
       Potion            |       |       |     4 ||     4
  Eat: Chunk             |     1 |     6 |     4 ||    11
       Ration            |       |       |     1 ||     1
Armor: Scale mail        |    70 |       |       ||    70
       Chain mail        |    16 |   135 |    59 ||   210
Dodge: Dodged            |    64 |    44 |    33 ||   141
